 Dungeon Crawl Stone Soup version 0.28-a0-1087-gf3fc490d9d (webtiles) character file.

Game seed: 2740113736881327551

4648 bearlyready the Covert (level 10, -12/80 HPs)
             Began as a Gnoll Delver on Dec 10, 2021.
             Was a High Priest of Ru.
             Mangled by a boulder beetle (50 damage)
             ... on level 7 of the Dungeon.
             The game lasted 00:14:00 (7842 turns).

bearlyready the Covert (Gnoll Delver)               Turns: 7842, Time: 00:14:01

Health: -12/80     AC: 12    Str: 19    XL:     10   Next: 43%
Magic:  17/17      EV: 13    Int: 10    God:    Ru [*****.]
Gold:   417        SH:  0    Dex: 18    Spells: 18/18 levels left

rFire   x . .      SeeInvis +   G - +9 trident of Hacking and Slashing {holy, +Blink}
rCold   x . .      Faith    +   (no shield)
rNeg    . . .      Spirit   .   o - +3 scale mail "Qukag" {-Cast rPois Str+2}
rPois   +          Reflect  .   (no helmet)
rElec   .          Harm     .   (no cloak)
rCorr   .          Rampage  .   C - +2 pair of gloves
Will    .....      NoCast   +   (no boots)
Stlth   +++.......              n - amulet of faith
HPRegen 0.23/turn               l - ring of see invisible
MPRegen 0.15/turn               E - +6 ring of strength

@: unable to read
A: fangs 1, inability to read while threatened, inability to train armour,
unskilled 1, temperature sensitive, strong nose, distributed training
a: Renounce Religion, Evoke Blink, Draw Out Power, Power Leap, Apocalypse


You were on level 7 of the Dungeon.
You worshipped Ru.
Ru was extremely pleased with you.
You visited 2 branches of the dungeon, and saw 8 of its levels.
You also visited: Sewer.

You collected 417 gold pieces.

Inventory:

Hand Weapons
 a - a +0 spear
 s - a +0 trident
 y - a +2 dagger of venom
 G - the +9 trident of Hacking and Slashing (weapon) {holy, +Blink}
   (You found it on level 5 of the Dungeon)

   It has been blessed by the Shining One to cause great damage to the undead
   and demons.
   +Blink:    It lets you blink.
Missiles
 f - 145 arrows
 i - 65 poisoned darts (quivered)
 k - 170 stones
 p - 7 boomerangs
 P - 15 sling bullets
 S - 46 bolts
 U - 3 silver boomerangs
Armour
 j - a +1 ring mail
 o - the +3 scale mail "Qukag" (worn) {-Cast rPois Str+2}
   (You found it on level 5 of the Dungeon)

   Str:       It affects your strength (+2).
   rPois:     It protects you from poison.
   -Cast:     It prevents spellcasting.
 C - a +2 pair of gloves (worn)
Jewellery
 l - a ring of see invisible (left hand)
 n - an amulet of faith (around neck)
 v - a ring of willpower
 E - a +6 ring of strength (right hand)
 H - a ring of ice
 J - a ring of ice
Wands
 g - a wand of digging (8)
 m - a wand of polymorph (7)
 r - a wand of flame (10)
Scrolls
 b - a scroll of immolation
 c - 2 scrolls of fog
 d - a scroll of magic mapping
 e - a scroll of fear
 h - 3 scrolls of enchant armour
 t - 3 scrolls of teleportation
 x - a scroll of noise
 D - a scroll of summoning
 F - 4 scrolls of blinking
 K - a scroll of amnesia {unknown}
 M - 4 scrolls of torment {unknown}
 N - 2 scrolls of identify
 O - 2 scrolls of vulnerability {unknown}
 T - a scroll of holy word {unknown}
Potions
 q - 2 potions of invisibility {unknown}
 u - 4 potions of curing {unknown}
 w - 2 potions of ambrosia
 z - a potion of cancellation {unknown}
 A - a potion of heal wounds
 B - a potion of lignification {unknown}
 I - a potion of flight {unknown}
 L - a potion of berserk rage
 Q - 2 potions of attraction {unknown}
 R - a potion of mutation {unknown}


   Skills:
 + Level 7.7 Fighting
 + Level 4.8 Short Blades
 + Level 4.8 Long Blades
 + Level 4.8 Axes
 + Level 4.8 Maces & Flails
 + Level 6.4 Polearms
 + Level 4.8 Staves
 + Level 4.8 Slings
 + Level 4.8 Bows
 + Level 4.8 Crossbows
 + Level 4.8 Throwing
   Level 0.0 Armour
 + Level 6.4 Dodging
 + Level 10.0 Stealth
 + Level 4.8 Shields
 + Level 4.8 Unarmed Combat
 + Level 4.8 Spellcasting
 + Level 3.9 Conjurations
 + Level 3.9 Hexes
 + Level 3.9 Summonings
 + Level 3.9 Necromancy
 + Level 3.9 Translocations
 + Level 3.9 Transmutations
 + Level 3.9 Fire Magic
 + Level 3.9 Ice Magic
 + Level 3.9 Air Magic
 + Level 3.9 Earth Magic
 + Level 3.9 Poison Magic
 + Level 5.2 Invocations
 + Level 4.8 Evocations


You had 18 spell levels left.
You didn't know any spells.
Your spell library contained the following spells:

 Spells                   Type           Power      Damage    Failure   Level
 Animate Skeleton         Necr           20%        N/A       14%         1
 Apportation              Tloc           20%        N/A       14%         1
 Shock                    Conj/Air       40%        1d5       14%         1
 Summon Small Mammal      Summ           40%        N/A       14%         1
 Corpse Rot               Necr/Air       20%        N/A       22%         2
 Ensorcelled Hibernation  Hex/Ice        20%        N/A       22%         2
 Gell's Gravitas          Tloc           10%        N/A       41%         3
 Spider Form              Tmut/Pois      10%        N/A       41%         3
 Swiftness                Air            10%        N/A       41%         3
 Teleport Other           Tloc           10%        N/A       41%         3
 Airstrike                Air            5%         N/A       82%         4
 Dispel Undead            Necr           10%        3d9       82%         4
 Death Channel            Necr           5%         N/A       100%        6
 Dispersal                Tloc           5%         N/A       100%        6


Dungeon Overview and Level Annotations

Branches:
Dungeon (7/15)             Temple (1/1) D:5           Sewer (visited)

Altars:
Ashenzari
Cheibriados
Dithmenos
Elyvilon
Fedhas
Hepliaklqana
Kikubaaqudgha
Makhleb
Nemelex Xobeh
Okawaru
Qazlal
Ru
Sif Muna
Trog
Uskayaw
Vehumet
Wu Jian
Xom

Shops:
D:3 [


Innate Abilities, Weirdness & Mutations

You have very sharp teeth.
You sometimes lose the ability to read scrolls when taking damage.
You cannot train Armour skill.
You are somewhat unskilled. (-1 Apt)
You are sensitive to extremes of temperature. (rF-, rC-)
Your uncanny sense of smell can sniff out nearby items.
Your experience applies equally to all skills.


Message History

You barely miss the boulder beetle.
The boulder beetle is moderately wounded.
You redirect the boulder beetle's attack!
The boulder beetle bites itself but does no damage.
You hit the boulder beetle.
The boulder beetle is moderately wounded.
The boulder beetle closely misses you.
You puncture the boulder beetle!
You bite the boulder beetle, but do no damage.
The boulder beetle is heavily wounded.
The boulder beetle bites you.
Okay, then.
You completely miss the boulder beetle.
The boulder beetle is heavily wounded.
The boulder beetle completely misses you.
You hit the boulder beetle but do no damage.
The boulder beetle is heavily wounded.
The boulder beetle bites you!!
You feel threatened and lose the ability to read scrolls!
You hit the boulder beetle.
The boulder beetle is heavily wounded.
The boulder beetle barely misses you.
You hit the boulder beetle but do no damage.
You bite the boulder beetle, but do no damage.
The boulder beetle is heavily wounded.
The boulder beetle bites you but does no damage.
There is an open door here.
The boulder beetle curls into a ball and begins rolling!
The boulder beetle is stunned by your conviction and fails to attack.
Aiming: Polymorph
Press: ? - help, Shift-Dir - straight line, f/p - boulder beetle
Aim: a boulder beetle (moderately wounded, rolling, will become a jumping spider, a tyrant leech, or a great orb of eyes, chance to affect: 42%)
The boulder beetle resists with some effort.
The boulder beetle is stunned by your conviction and fails to attack.
You puncture the boulder beetle!
You punch the boulder beetle, but do no damage.
The boulder beetle is heavily wounded.
The boulder beetle hits you!!!
Ouch! That really hurt!
You die...

# ##♣'♣## h♣# .##..
#.#..<..#♣♣♣♣°##$.[##.. #
#.'..8..'...(c°$§§$.#..
#∆ ∆
#.#..°..#♣♣♣♣Z##=..##.. #
# ##♣°♣## §♣# ○##.. #
#.♣°♣.# 5♣ #.. # #♣.♣○♣#
.♣ #.. # #.♣.♣B#.♣ #.. #
#♣.♣@♣#♣ #.. # #.♣.♣.#
##. # ##♣.♣## #. #
♣♣♣...♣♣♣♣♣ #. ###### #♣♣
♣♣.♣♣♣♣.♣♣.♣# ## .....#
#.♣♣♣.♣...♣♣..♣.# #
.....# #♣.♣.♣♣♣..♣♣.♣♣♣#
# .....# ♣♣.♣♣ ♣....♣♣ #
..#############.#########
######


You could see a boulder beetle (rolling).

Vanquished Creatures
  2 boulder beetles (D:7)
  A cyclops (D:7)
  A shadow (D:7)
  Pargi (Sewer)
  A water moccasin (D:5)
  A black bear (D:4)
  3 ice beasts
  2 sky beasts (D:7)
  3 ogres
  3 centaurs
  3 phantoms
  2 kobold brigands
  2 bullfrogs (D:7)
  A scorpion (D:6)
  A water moccasin zombie (D:6)
  4 killer bees (D:7)
  2 howler monkeys
  2 centaur zombies (D:7)
  3 hounds
  A jelly (D:6)
  2 orc priests
  4 gnoll shamans
  3 bullfrog skeletons
  5 iguanas (D:5)
  Ijyb (D:4)
  2 orc wizards
  A hound zombie (D:5)
  A hound skeleton (D:5)
  A howler monkey skeleton (D:5)
  A howler monkey zombie (D:5)
  7 adders
  12 gnolls
  A shadow imp (D:5)
  4 white imps
  2 ufetubi
  A worm (D:3)
  3 dart slugs
  13 orcs
  8 ball pythons
  5 endoplasms
  3 giant cockroaches
  3 goblins
  7 hobgoblins
  4 quokkas
  6 bats
  2 frilled lizards (D:1)
  22 kobolds
  4 rats
167 creatures vanquished.

Vanquished Creatures (others)
  A kobold demonologist (D:7)
  2 centaur skeletons (D:7)
  A killer bee zombie (D:7)
4 creatures vanquished.

Grand Total: 171 creatures vanquished

Notes
Turn   | Place    | Note
-------+----------+-------------------------------------------
     0 | D:5      | Reached skill level 9 in Stealth
     0 | D:5      | bearlyready the Gnoll Delver began the quest for the Orb.
     0 | D:5      | Reached XP level 1. HP: 23/23 MP: 1/1
    25 | D:5      | Noticed an iguana
    62 | D:5      | Killed an iguana
    63 | D:5      | Reached XP level 2. HP: 25/29 MP: 2/2
    63 | D:5      | Reached XP level 3. HP: 30/35 MP: 3/3
   108 | D:5      | Noticed a phantom
   113 | D:5      | Noticed a centaur
   127 | D:5      | Killed a centaur
   128 | D:5      | Reached skill level 1 in Short Blades
   128 | D:5      | Reached skill level 1 in Long Blades
   128 | D:5      | Reached skill level 1 in Axes
   128 | D:5      | Reached skill level 1 in Maces & Flails
   128 | D:5      | Reached skill level 1 in Staves
   128 | D:5      | Reached skill level 1 in Slings
   128 | D:5      | Reached skill level 1 in Bows
   128 | D:5      | Reached skill level 1 in Crossbows
   128 | D:5      | Reached skill level 1 in Throwing
   128 | D:5      | Reached skill level 1 in Armour
   128 | D:5      | Reached skill level 1 in Shields
   128 | D:5      | Reached skill level 1 in Unarmed Combat
   128 | D:5      | Reached skill level 1 in Spellcasting
   128 | D:5      | Reached skill level 1 in Conjurations
   128 | D:5      | Reached skill level 1 in Hexes
   128 | D:5      | Reached skill level 1 in Summonings
   128 | D:5      | Reached skill level 1 in Necromancy
   128 | D:5      | Reached skill level 1 in Translocations
   128 | D:5      | Reached skill level 1 in Transmutations
   128 | D:5      | Reached skill level 1 in Fire Magic
   128 | D:5      | Reached skill level 1 in Ice Magic
   128 | D:5      | Reached skill level 1 in Air Magic
   128 | D:5      | Reached skill level 1 in Earth Magic
   128 | D:5      | Reached skill level 1 in Poison Magic
   128 | D:5      | Reached skill level 1 in Invocations
   128 | D:5      | Reached skill level 1 in Evocations
   128 | D:5      | Reached XP level 4. HP: 12/41 MP: 3/5
   130 | D:5      | Reached XP level 5. HP: 14/47 MP: 3/7
   146 | D:5      | Noticed an ogre
   556 | D:5      | Found a staircase to the Ecumenical Temple.
   569 | Temple   | Entered the Ecumenical Temple
   736 | Temple   | Became a worshipper of Ru the Awakened
   782 | D:4      | Noticed an ice beast
   806 | D:5      | Identified the +3 scale mail "Qukag" {-Cast rPois Str+2}
   980 | D:5      | Noticed a water moccasin
  1011 | D:5      | Killed an ice beast
  1012 | D:5      | Reached skill level 5 in Polearms
  1012 | D:5      | Reached skill level 5 in Dodging
  1012 | D:5      | Reached XP level 6. HP: 50/53 MP: 8/8
  1747 | D:4      | Noticed Ijyb
  1784 | D:4      | Killed Ijyb
  1785 | D:4      | Reached XP level 7. HP: 18/59 MP: 10/10
  2388 | D:4      | Found a shadowy altar of Dithmenos.
  2393 | D:4      | Found a white marble altar of Elyvilon.
  2393 | D:4      | Found a shimmering altar of Xom.
  2394 | D:4      | Found a snail-covered altar of Cheibriados.
  2394 | D:4      | Found a hide-covered altar of Uskayaw.
  2770 | D:3      | Gained mutation: You sometimes lose the ability to read
                  | scrolls when taking damage. [Ru sacrifice]
  2770 | D:3      | Reached * piety under Ru
  2787 | D:3      | Reached skill level 10 in Stealth
  2980 | D:3      | Found Geixehy's Antique Armour Shoppe.
  3432 | D:2      | Found a shimmering blue altar of Sif Muna.
  3868 | D:1      | You fall into a shaft and drop 1 floor!
  4048 | D:1      | Found a faded altar of an unknown god.
  4185 | D:1      | Reached XP level 8. HP: 67/67 MP: 12/12
  4245 | D:1      | Gained mutation: You are somewhat unskilled. (-1 Apt) [Ru
                  | sacrifice]
  4245 | D:1      | Reduced skill Stealth to level 9
  4245 | D:1      | Reached ** piety under Ru
  4572 | D:5      | Reached skill level 5 in Polearms
  4572 | D:5      | Reached skill level 5 in Dodging
  5220 | D:5      | Found a broken altar of Ashenzari.
  5294 | D:5      | Identified the +9 trident of Hacking and Slashing {holy,
                  | +Blink}
  5780 | D:6      | Found a glowing drain.
  5806 | Sewer    | Entered a sewer
  5847 | Sewer    | Noticed Pargi
  5854 | Sewer    | Killed Pargi
  5855 | Sewer    | Reached XP level 9. HP: 71/71 MP: 12/14
  6059 | D:6      | Gained mutation: You cannot train Armour skill. [Ru
                  | sacrifice]
  6059 | D:6      | Reached *** piety under Ru
  6757 | D:7      | Noticed a kobold demonologist
  6757 | D:7      | Noticed a boulder beetle
  6766 | D:7      | Noticed a boulder beetle
  6772 | D:7      | Noticed a cyclops
  6776 | D:7      | Noticed an efreet
  6803 | D:7      | Killed a kobold demonologist
  6809 | D:7      | Killed a cyclops
  7035 | D:7      | Noticed a boulder beetle
  7035 | D:7      | Noticed an eight-headed hydra
  7061 | D:7      | Killed a boulder beetle
  7062 | D:7      | Reached XP level 10. HP: 69/79 MP: 16/16
  7311 | D:7      | Killed a boulder beetle
  7312 | D:7      | Reached skill level 10 in Stealth
  7312 | D:7      | Reached skill level 5 in Invocations
  7827 | D:7      | Gained mutation: You are sensitive to extremes of
                  | temperature. (rF-, rC-) [Ru sacrifice]
  7827 | D:7      | Reached **** piety under Ru
  7827 | D:7      | Reached ***** piety under Ru
  7842 | D:7      | Mangled by a boulder beetle

Illustrated notes

Levels and vault maps discovered:
D:1:      kennysheep_arrival_forest, layout_rooms,
          nicolae_ecumenical_snake_handling, serial_glass, glass_columns_b,
          glass_columns_a, glass_columns_b, glass_columns_a, glass_columns_c,
          palyth_stone_intersect
D:2:      layout_loops_ring, basic_altar
D:3:      layout_loops_cross, serial_shops, shop, shop, minmay_misc_feat_x,
          uniq_robin
D:4:      layout_cave_pools, grunt_temple_overflow_open, uniq_ijyb
D:5:      layout_basic, minmay_temple_entry_sparse_star, minmay_ruined_shrine
D:6:      layout_loops_ring, gup_sewer_entry_glass, dk_vineyard_1
D:7:      nzn_winding_woodlands_stair_cross [nzn_winding_woodlands_5x15_jagged,
          nzn_winding_woodlands_center_pierced_h,
          nzn_winding_woodlands_5x15_sawtooth,
          nzn_winding_woodlands_5x5_default,
          nzn_winding_woodlands_5x5_checkerboard,
          nzn_winding_woodlands_5x15_cabin,
          nzn_winding_woodlands_center_triple_pond,
          nzn_winding_woodlands_5x15_crooked], layout_basic
Temple:   dshaligram_water_room_temple

Skill      XL: |  1  2  3  4  5  6  7  8  9 10 |
---------------+-------------------------------+-----
Stealth        | 10 9 10 | 10.0
Short Blades   | 1 2 3 4 |  4.8
Long Blades    | 1 2 3 4 |  4.8
Axes           | 1 2 3 4 |  4.8
Maces & Flails | 1 2 3 4 |  4.8
Staves         | 1 2 3 4 |  4.8
Slings         | 1 2 3 4 |  4.8
Bows           | 1 2 3 4 |  4.8
Crossbows      | 1 2 3 4 |  4.8
Throwing       | 1 2 3 4 |  4.8
Armour         | 1 2 3 0 |  0.0
Shields        | 1 2 3 4 |  4.8
Unarmed Combat | 1 2 3 4 |  4.8
Spellcasting   | 1 2 3 4 |  4.8
Conjurations   | 1 2 3 |  3.9
Hexes          | 1 2 3 |  3.9
Summonings     | 1 2 3 |  3.9
Necromancy     | 1 2 3 |  3.9
Translocations | 1 2 3 |  3.9
Transmutations | 1 2 3 |  3.9
Fire Magic     | 1 2 3 |  3.9
Ice Magic      | 1 2 3 |  3.9
Air Magic      | 1 2 3 |  3.9
Earth Magic    | 1 2 3 |  3.9
Poison Magic   | 1 2 3 |  3.9
Invocations    | 1 2 3 3 4 5 |  5.2
Evocations     | 1 2 3 4 |  4.8
Polearms       | 5 5 6 |  6.4
Dodging        | 5 5 6 |  6.4
Fighting       | 7 6 7 |  7.7

Action                   |  1- 3 |  4- 6 |  7- 9 | 10-12 || total
-------------------------+-------+-------+-------+-------++-------
Melee: Spear             |    25 |   175 |    21 |       ||   221
       Bite              |     1 |    14 |    46 |     5 ||    66
       Trident           |       |       |   339 |    52 ||   391
       Dagger            |       |       |    79 |       ||    79
       Punch             |       |       |     5 |     1 ||     6
Throw: Stone             |       |     3 |       |     1 ||     4
       Dart              |       |       |       |     3 ||     3
Invok: Sacrifice Words   |       |       |     1 |       ||     1
       Sacrifice Skill   |       |       |     1 |       ||     1
       Sacrifice Durabil |       |       |     1 |       ||     1
       Sacrifice Resista |       |       |       |     1 ||     1
Evoke: Wand              |       |     2 |    11 |     1 ||    14
  Use: Potion            |     2 |     1 |       |       ||     3
       Scroll            |       |     1 |     7 |       ||     8
 Stab: Sleeping          |       |     1 |    21 |       ||    22
       Distracted        |       |       |     3 |       ||     3
       Invisible         |       |       |     1 |       ||     1
Armor: Leather armour    |     8 |       |       |       ||     8
       Ring mail         |       |    14 |       |       ||    14
       Scale mail        |       |    37 |   175 |     6 ||   218
Dodge: Dodged            |    15 |    96 |   220 |    21 ||   352

Table legend: (Time is in decaauts)
 A = Elapsed time spent in this place.
 B = Non-inter-level travel time spent in this place.
 C = Inter-level travel time spent in this place.
 D = Time resting spent in this place.
 E = Time spent auto-exploring this place.
 F = Levels seen in this place.
 G = Mean time per level.
                   A        B        C        D        E       F      G
               +--------+--------+--------+--------+--------+-----+--------+
         Total |   7796 |   7435 |    361 |    747 |   5047 |   9 |  866.2 |
       Dungeon |   7506 |   7182 |    324 |    747 |   4836 |   7 | 1072.3 |
        Temple |    179 |    142 |     37 |      0 |    127 |   1 |  179.0 |
         Sewer |    111 |    111 |      0 |      0 |     84 |   1 |  111.0 |
               +--------+--------+--------+--------+--------+-----+--------+

Top non-repeatable levels by time:
     D:5: 1955 daAuts
     D:4: 1432 daAuts
     D:7: 1267 daAuts
     D:3: 779 daAuts
     D:6: 760 daAuts
     D:2: 731 daAuts
     D:1: 579 daAuts
  Temple: 179 daAuts
   Sewer: 111 daAuts
